 Dungeon Sprint DCSS version 0.24.0-1-gfbc8707 (webtiles) character file.

Game seed: 7534722907954288075, levelgen mode: deterministic

12140 Fang the Tortoise (level 11, 0/83 HPs)
             Began as a Gargoyle Berserker on Nov 8, 2019.
             Was the Champion of Trog.
             Slain by an ice devil (14 damage)
             ... in the Dungeon (Sprint V: "Ziggurat Sprint").
             The game lasted 00:03:06 (1018 turns).

Fang the Tortoise (Gargoyle Berserker)              Turns: 1018, Time: 00:03:06

Health: 0/83       AC: 46    Str: 34    XL:     11   Next: 88%
Magic:  11/11      EV:  8    Int: 11    God:    Trog [******]
Gold:   0          SH: 33    Dex: 13    Spells: 10/10 levels left

rFire    . . .     SeeInvis .   a - +5 broad axe (flame)
rCold    . . .     Gourm    .   E - +18 shield of the Gong {rElec rN+ MR+ EV-5}
rNeg     + + .     Faith    .   b - +15 Maxwell's patent armour {-Cast -Tele rElec MR+ rCorr}
rPois    ∞         Spirit   .   B - +2 helmet {Int+3}
rElec    +         Reflect  +   o - +0 cloak "Cet Aski" {rElec Str-2 Dex+4}
rCorr    +         Harm     .   (no gloves)
MR       ++++.     NoTele   +   (no boots) Stlth ..........NoCast +
                                z - +6 amulet of reflection
HPRegen  1.23/turn              D - +6 ring of strength
MPRegen  0.12/turn              C - +6 ring of strength

@: berserk cooldown, regenerating, slowed, very slow
A: negative energy resistance 1, electricity resistance, unbreathing,
petrification resistance, rot immunity, AC +8
a: Berserk, Trog's Hand, Brothers in Arms, Renounce Religion


You were in the Dungeon.
You worshipped Trog.
Trog was exalted by your worship.
You were near starving.

You visited 1 branch

Inventory:

Hand Weapons
 a - a +5 broad axe of flaming (weapon)
 y - the +5 broad axe of Symmetry {drain, Fragile rF+ rC+++ Dex-4}
   (You found it in the Dungeon)

   A truly terrible weapon, it drains the life of those it strikes.
   It affects your dexterity (-4).
   It protects you from fire.
   It renders you almost immune to cold.
   It will be destroyed if unequipped.
Armour
 b - the +15 Maxwell's patent armour (worn) {-Cast -Tele rElec MR+ rCorr}
   (You found it in the Dungeon)

   It insulates you from electricity.
   It affects your resistance to hostile enchantments.
   It prevents spellcasting.
   It prevents most forms of teleportation.
   It provides partial protection from all sources of acid and corrosion.
 o - the +0 cloak "Cet Aski" (worn) {rElec Str-2 Dex+4}
   (You found it in the Dungeon)

   It affects your strength (-2).
   It affects your dexterity (+4).
   It insulates you from electricity.
 B - a +2 helmet of intelligence (worn)
 E - the +18 shield of the Gong (worn) {rElec rN+ MR+ EV-5}
   (You found it in the Dungeon)

   It affects your evasion (-5).
   It insulates you from electricity.
   It protects you from negative energy.
   It affects your resistance to hostile enchantments.
Jewellery
 z - a +6 amulet of reflection (around neck)
 A - a cursed ring of fire
 C - a +6 ring of strength (right hand)
 D - a +6 ring of strength (left hand)
 F - the ring "Luanext" {rElec rF- AC+3 Dex+4}
   (You found it in the Dungeon)

   [ring of protection]

   It affects your AC (+3).
   It affects your dexterity (+4).
   It makes you vulnerable to fire.
   It insulates you from electricity.
 G - an uncursed amulet of the acrobat
 H - an uncursed ring of stealth
Wands
 u - a wand of disintegration (7)
 v - a wand of iceblast (7)
 w - a wand of acid (7)
Scrolls
 i - 4 scrolls of blinking
 j - 7 scrolls of fog
 k - a scroll of holy word
 l - 5 scrolls of identify
 m - 5 scrolls of remove curse
 n - 2 scrolls of fear
Potions
 d - 10 potions of curing
 e - 9 potions of heal wounds
 f - 6 potions of haste
 h - 3 potions of berserk rage
 p - 2 potions of invisibility
 q - 4 potions of resistance
 r - a potion of experience
 s - 5 potions of agility
 t - 5 potions of might
Comestibles
 c - 8 rations


   Skills:
 * Level 15.7 Fighting
 * Level 13.5 Axes
 + Level 17.6 Armour
 + Level 12.4 Dodging
 * Level 1.3 Shields


You had 10 spell levels left.
You didn't know any spells.
Your spell library was empty.

Dungeon Overview and Level Annotations

Branches:
Dungeon (1/1)

Altars:
Ashenzari
Cheibriados
Dithmenos
Elyvilon
Fedhas
Gozag
Hepliaklqana
Kikubaaqudgha
Makhleb
Nemelex Xobeh
Okawaru
Qazlal
Ru
Sif Muna
Trog
Uskayaw
Vehumet
Wu Jian
Xom
Yredelemnul
Zin
The Shining One
Beogh
Jiyva
Lugonu

Annotations:
D 1 transporter


Innate Abilities, Weirdness & Mutations

You are resistant to torment.
Your stone body is resilient. (AC +8)
You are immune to poison.
You resist negative energy. (rN+)
You are resistant to electric shocks. (rElec)
You can survive without breathing.
You are immune to petrification.
You are immune to rotting.


Message History

You barely miss the tormentor.
The tormentor is almost dead.
You slice the hellion!! You burn the hellion. You slash the ice devil!
You burn the ice devil! You miss the phantom. You slice the bat skeleton!!
You burn the bat skeleton.
You destroy the bat skeleton!
Trog accepts your kill.
You slash the rust devil!
You hit the skeletal warrior but do no damage.
The tormentor calls on the powers of darkness!
Your body is wracked with pain!
* * * LOW HITPOINT WARNING * * *
The hell knight convulses!
You block the phantom's attack.
GONNNNG!
You block the rust devil's attack.
GONNNNG!
The ice devil hits you.
* * * LOW HITPOINT WARNING * * *
The ice devil freezes you!
You die...

▓....©....
▓▓▓▓▓▓▓▓▓▓▓▓▓▓▓▓▓▓▓▓▓▓
▓...8©8...▓...8©8...▓.
▓..)|:=::.▓))})))}..▓.
▓..)=?}:..▓..::.))..▓.
▓.........▓.........▓.
▓.....p...▓.........▓.
▓...22z...▓..)).....▓.
▓...4@4...▓.........▓.
▓...W.....▓....)....▓.
▓.▓.....▓.▓.........▓.
▓....©....▓....©....▓▓
▓▓▓▓▓▓▓▓▓▓▓▓▓▓▓▓▓▓▓▓▓


You could see a hell knight, a skeletal warrior, an ice devil, a rust devil, a
hellion, a tormentor and a phantom.

Vanquished Creatures
  A reaper (D)
  A deep elf death mage (D)
  A dancing weapon (D)
  A deep elf knight (D)
  3 small abominations (D)
  2 deep elf archers (D)
  6 deep elf magi (D)
  3 cyclopes (D)
  A rust devil (D)
  A smoke demon (D)
  A spiny frog (D)
  A komodo dragon (D)
  A hellion (D)
  3 yaktaurs (D)
  2 red devils (D)
  A flying skull (D)
  A basilisk (D)
  2 phantoms (D)
  A necrophage (D)
  A wolf (D)
  2 centaurs (D)
  An earth elemental (D)
  2 wights (D)
  2 crimson imps (D)
  2 quasits (D)
  An orc priest (D)
  3 orc wizards (D)
  6 iron imps (D)
  A river rat (D)
  A white imp (D)
  2 ufetubi (D)
  An adder zombie (D)
  3 bat skeletons (D)
  2 bat zombies (D)
  A jackal (D)
  A ball python skeleton (D)
  A giant cockroach zombie (D)
  A jackal skeleton (D)
  A jackal zombie (D)
  A leopard gecko zombie (D)
69 creatures vanquished.

Notes
Turn   | Place    | Note
-------+----------+-------------------------------------------
     0 | D        | Fang the Gargoyle Berserker began the quest for the Orb.
     0 | D        | Reached XP level 1. HP: 14/14 MP: 1/1
     0 | D        | Found a blossoming altar of Fedhas.
     1 | D        | Found the +6 Majin-Bo {vamp, Archmagi MP+6 Int+6}
     1 | D        | Found the +7 great mace "Firestarter" {inner flame, rF++}
     1 | D        | Found a transporter.
     1 | D        | Found a viscous altar of Jiyva.
     1 | D        | Found an ancient bone altar of Kikubaaqudgha.
     1 | D        | Found a hazy altar of Hepliaklqana.
     1 | D        | Found a corrupted altar of Lugonu.
     1 | D        | Found an opulent altar of Gozag.
     1 | D        | Found a burning altar of Makhleb.
    18 | D        | Found an iron altar of Okawaru.
    18 | D        | Found a stormy altar of Qazlal.
    18 | D        | Found a sparkling altar of Nemelex Xobeh.
    18 | D        | Found a sacrificial altar of Ru.
    18 | D        | Found a shimmering blue altar of Sif Muna.
    24 | D        | Found the +9 heavy crossbow "Sniper" {velocity, Acc+∞ SInv}
    24 | D        | Found the +10 dark maul {crush}
    24 | D        | Found the +15 Maxwell's patent armour {-Cast -Tele rElec
                  | MR+ rCorr}
    24 | D        | Found the +18 shield of the Gong {rElec rN+ MR+ EV-5}
    24 | D        | Found the cursed +14 obsidian axe {chop, +Fly SInv *Curse}
    25 | D        | Found the +6 shillelagh "Devastator" {shatter}
    25 | D        | Found the +11 plutonium sword {*Contam Stlth-}
    25 | D        | Found the +8 lance "Wyrmbane" {slay drac, rPois rF+ rC+
                  | AC+3}
    25 | D        | Found the +9 sword of Zonguldrok {reap}
    25 | D        | Found the cursed +13 scythe of Curses {drain, *Curse}
    25 | D        | Found the +0 sword of Power
    25 | D        | Found the +7 mace of Variability {chain chaos}
    25 | D        | Found the +7 Singing Sword {slice, sonic wave}
    25 | D        | Found the +8 storm bow {elec, penet}
    34 | D        | Found a bloodstained altar of Trog.
    81 | D        | Entered arena 2.
    81 | D        | Noticed a phantom
    81 | D        | Found a transporter.
    87 | D        | Killed a phantom
    87 | D        | Reached skill level 5 in Fighting
    87 | D        | Reached skill level 5 in Armour
    87 | D        | Reached XP level 2. HP: 21/21 MP: 2/2
    87 | D        | Reached XP level 3. HP: 26/26 MP: 3/3
    87 | D        | Reached XP level 4. HP: 31/31 MP: 4/4
   128 | D        | Entered arena 3.
   128 | D        | Noticed a deep elf mage
   128 | D        | Noticed a deep elf mage
   128 | D        | Noticed a deep elf death mage
   128 | D        | Found a transporter.
   129 | D        | Identified the +10 quarterstaff "Yqeok" {holy, rC+ rN+
                  | Str-4}
   130 | D        | Noticed a demonic crawler
   130 | D        | Noticed a demonic crawler
   133 | D        | Killed a deep elf mage
   133 | D        | Reached ** piety under Trog
   133 | D        | Reached skill level 8 in Armour
   133 | D        | Reached XP level 5. HP: 40/40 MP: 5/5
   133 | D        | Reached XP level 6. HP: 45/45 MP: 6/6
   133 | D        | Reached XP level 7. HP: 50/50 MP: 7/7
   141 | D        | Killed a deep elf mage
   141 | D        | Reached skill level 10 in Fighting
   141 | D        | Reached skill level 9 in Armour
   141 | D        | Reached XP level 8. HP: 36/57 MP: 8/8
   155 | D        | Killed a deep elf death mage
   159 | D        | Killed a small abomination
   159 | D        | Reached *** piety under Trog
   159 | D        | Reached skill level 10 in Armour
   170 | D        | Killed a ghostly deep elf death mage
   170 | D        | Reached skill level 10 in Axes
   170 | D        | Reached skill level 11 in Armour
   170 | D        | Reached XP level 9. HP: 10/65 MP: 9/9
   460 | D        | Entered arena 4.
   460 | D        | Noticed a deep elf mage
   460 | D        | Noticed a deep elf archer
   460 | D        | Noticed a deep elf mage
   460 | D        | Found a transporter.
   461 | D        | Identified the +11 flail of Jauwut {venom, +Inv rElec rC-}
   465 | D        | Noticed an ice devil
   471 | D        | Killed a deep elf mage
   471 | D        | Reached **** piety under Trog
   471 | D        | Killed a deep elf mage
   471 | D        | Reached skill level 12 in Armour
   472 | D        | Killed a deep elf archer
   472 | D        | Reached ***** piety under Trog
   472 | D        | Reached XP level 10. HP: 72/72 MP: 10/10
   570 | D        | Entered arena 5.
   570 | D        | Found a transporter.
   587 | D        | Got the +0 cloak "Cet Aski" {rElec Str-2 Dex+4}
   595 | D        | Entered arena 6.
   595 | D        | Noticed a deep elf knight
   595 | D        | Noticed a +1 hand axe of venom
   595 | D        | Noticed a deep elf mage
   595 | D        | Noticed a deep elf archer
   595 | D        | Noticed a deep elf mage
   595 | D        | Found a transporter.
   601 | D        | Killed a deep elf mage
   601 | D        | Received a gift from Trog
   601 | D        | Reached skill level 13 in Armour
   601 | D        | Reached skill level 10 in Dodging
   601 | D        | Killed a +1 hand axe of venom
   601 | D        | Reached ****** piety under Trog
   605 | D        | Killed a deep elf mage
   605 | D        | Reached skill level 14 in Armour
   605 | D        | Killed a deep elf knight
   634 | D        | Killed a deep elf archer
   639 | D        | Got the +5 broad axe of Symmetry {drain, Fragile rF+ rC+++
                  | Dex-4}
   680 | D        | Entered arena 7.
   680 | D        | Noticed a spiny frog
   681 | D        | Found a transporter.
   684 | D        | Received a gift from Trog
   690 | D        | Reached skill level 15 in Armour
   691 | D        | Reached XP level 11. HP: 80/80 MP: 11/11
   707 | D        | Entered arena 8.
   708 | D        | Found a transporter.
   714 | D        | Received a gift from Trog
   755 | D        | Entered arena 9.
   756 | D        | Found a transporter.
   763 | D        | Received a gift from Trog
   779 | D        | Entered arena 10.
   779 | D        | Noticed a cyclops
   779 | D        | Noticed a cyclops
   779 | D        | Noticed a cyclops
   780 | D        | Found a transporter.
   784 | D        | Reached skill level 16 in Armour
   788 | D        | Killed a cyclops
   789 | D        | Received a gift from Trog
   791 | D        | Killed a cyclops
   794 | D        | Killed a cyclops
   794 | D        | Reached skill level 15 in Fighting
   832 | D        | Got the ring "Luanext" {rElec rF- AC+3 Dex+4}
   841 | D        | Entered arena 11.
   842 | D        | Found a transporter.
   845 | D        | Received a gift from Trog
   848 | D        | Reached skill level 17 in Armour
   870 | D        | Entered arena 12.
   870 | D        | Noticed a reaper
   873 | D        | Found a transporter.
   876 | D        | Received a gift from Trog
   886 | D        | Killed a reaper
   906 | D        | Received a gift from Trog
  1008 | D        | Entered arena 13.
  1008 | D        | Noticed a hell knight
  1008 | D        | Noticed a skeletal warrior
  1009 | D        | Identified the +7 dire flail of Tojuown {freeze, rF+ rN+
                  | MP+9}
  1012 | D        | Found a transporter.
  1015 | D        | Reached skill level 1 in Shields
  1018 | D        | Slain by an ice devil

Levels and vault maps discovered:
D:        sprint_v [room_start, room_1, room_2, room_3, room_4, room_5, room_6,
          room_7, room_8, room_9, room_10, room_11, room_12, room_13, room_14,
          room_15, room_16, room_17, room_18, room_19, room_20, room_21,
          room_22, room_23, room_24, room_25, room_26, room_27]

Skill      XL: |  1  2  3  4  5  6  7  8  9 10 11 |
---------------+----------------------------------+-----
Fighting       | 5 8 10 11 12 14 15 | 15.7
Axes           | 4 7 8 10 12 13 | 13.5
Armour         | 5 8 9 11 12 15 17 | 17.6
Dodging        | 3 6 7 9 11 12 | 12.4
Shields        | 1 |  1.3

Action                   |  1- 3 |  4- 6 |  7- 9 | 10-12 || total
-------------------------+-------+-------+-------+-------++-------
Melee: Broad axe         |     5 |     2 |    43 |   112 ||   162
Invok: Berserk           |     1 |     1 |     1 |     5 ||     8
       Trog's Hand       |       |       |     2 |     1 ||     3
  Use: Potion            |       |       |     1 |       ||     1
       Scroll            |       |       |       |     1 ||     1
  Eat: Chunk             |       |       |     1 |     6 ||     7
Armor: Plate armour      |     1 |     2 |    36 |    44 ||    83
Dodge: Dodged            |       |       |     5 |    18 ||    23
Block: Shield            |     3 |     7 |    57 |   192 ||   259
